 Dungeon Crawl Stone Soup version 0.28.0 (webtiles) character file.

Game seed: 16515832308994635635

28 Leszczynek the Vexing (level 3, -1/27 HPs)
             Began as a Human Enchanter on Feb 9, 2022.
             Slain by a jackal (2 damage)
             ... on level 1 of the Dungeon.
             The game lasted 00:01:59 (564 turns).

Leszczynek the Vexing (Human Enchanter)              Turns: 564, Time: 00:02:00

Health: -1/27      AC:  3    Str: 10    XL:     3   Next: 30%
Magic:  6/6        EV: 11    Int: 15    God:
Gold:   0          SH:  0    Dex: 13    Spells: 6/6 levels left

rFire   . . .      SeeInvis .   a - +1 dagger
rCold   . . .      Faith    .   (no shield)
rNeg    . . .      Spirit   .   f - +0 leather armour
rPois   .          Reflect  .   (no helmet)
rElec   .          Harm     .   (no cloak)
rCorr   .          Rampage  .   (no gloves)
Will    .....                   (no boots)
Stlth   ++........              (no amulet)
HPRegen 0.09/turn               (no ring)
MPRegen 0.10/turn               (no ring)

@: no status effects
A: no striking features
a: no special abilities


You were on level 1 of the Dungeon.
You visited 1 branch of the dungeon, and saw 1 of its levels.

Inventory:

Hand Weapons
 a - a +1 dagger (weapon)
 c - a +0 flail
Missiles
 d - 15 stones (quivered)
 i - 13 arrows
Armour
 b - a +0 robe
 f - a +0 leather armour (worn)
Scrolls
 e - a scroll of magic mapping {unknown}
 h - a scroll of identify {unknown}
Potions
 g - a potion of resistance {unknown}


   Skills:
 - Level 2.1 Fighting
 - Level 1.0 Short Blades
 + Level 1.3 Maces & Flails
 - Level 2.0 Dodging
 - Level 3.0 Stealth
 - Level 2.0 Spellcasting
 - Level 3.0 Hexes


You had 6 spell levels left.
You didn't know any spells.
Your spell library contained the following spells:

 Spells                   Type           Power      Damage    Failure   Level
 Ensorcelled Hibernation  Hex/Ice        12%        N/A       24%         2
 Confusing Touch          Hex            10%        N/A       26%         3
 Tukima's Dance           Hex            10%        N/A       26%         3
 Dazzling Flash           Conj/Hex       12%        N/A       43%         3
 Ignite Poison            Fire/Tmut/Pois 1%         N/A       65%         3
 Mephitic Cloud           Conj/Pois/Air  1%         N/A       65%         3
 Freezing Cloud           Conj/Ice/Air   0%         6-21      100%        5


Dungeon Overview and Level Annotations

Branches:
Dungeon (1/15)

Altars:


Message History

You hit the jackal.
The jackal is almost dead.
The jackal bites you but does no damage. x2
You hit the jackal but do no damage.
The jackal is almost dead.
The jackal bites you.
* * * LOW HITPOINT WARNING * * *
You barely miss the jackal.
The jackal is almost dead.
The jackal closely misses you. The jackal misses you.
You closely miss the jackal.
The jackal is almost dead.
The jackal closely misses you.
You barely miss the jackal.
The jackal is almost dead.
The jackal bites you but does no damage.
Unknown command.
You hit the jackal but do no damage.
The jackal is almost dead.
The jackal closely misses you. The jackal barely misses you.
Unknown command.
You barely miss the jackal.
The jackal is almost dead.
The jackal barely misses you.
You closely miss the jackal.
The jackal is almost dead.
The jackal bites you.
* * * LOW HITPOINT WARNING * * *
You barely miss the jackal.
The jackal is almost dead.
The jackal barely misses you.
The jackal bites you but does no damage.
You closely miss the jackal.
The jackal is almost dead.
The jackal bites you.
* * * LOW HITPOINT WARNING * * *
You barely miss the jackal.
The jackal is almost dead.
The jackal closely misses you. The jackal bites you.
You die...

#..####.)..#..## #....
#..###.##..#..#####....
#..#..##.......#......
#.#.###....#.........
#...# ####.##........
###..###........#.....
#.....##.......##.....
#.###.##.......##.....
#. #@##.......#####..
####.# #h##.......# #.#
#.....##.##.......# ...
.......#.........##
.... .................#
.. .................#
.................#
........##########
........#


You could see a jackal.

Vanquished Creatures
  A gnoll (D:1)
  6 bats (D:1)
  An endoplasm (D:1)
  3 jackals (D:1)
  2 quokkas (D:1)
  2 frilled lizards (D:1)
  2 kobolds (D:1)
  A rat (D:1)
18 creatures vanquished.

Notes
Turn   | Place    | Note
-------+----------+-------------------------------------------
     0 | D:1      | Leszczynek the Human Enchanter began the quest for the Orb.
     0 | D:1      | Reached XP level 1. HP: 13/13 MP: 3/3
    49 | D:1      | Reached skill level 1 in Fighting
   217 | D:1      | Reached XP level 2. HP: 14/21 MP: 5/5
   364 | D:1      | Reached skill level 2 in Fighting
   480 | D:1      | Reached XP level 3. HP: 27/27 MP: 6/6
   523 | D:1      | Reached skill level 1 in Maces & Flails
   555 | D:1      | HP: 4/27 [jackal (2)]
   561 | D:1      | HP: 3/27 [jackal (2)]
   563 | D:1      | HP: 1/27 [jackal (2)]
   564 | D:1      | Slain by a jackal

Illustrated notes

Levels and vault maps discovered:
D:1:      saegor_arrival_simple_d, layout_rooms, chequers_serial_rivers_small_b

Skill      XL: |  1  2  3 |
---------------+----------+-----
Fighting       | 1 2 |  2.1
Maces & Flails | 1 |  1.3
Short Blades   | |  1.0
Dodging        | |  2.0
Stealth        | |  3.0
Spellcasting   | |  2.0
Hexes          | |  3.0

Action                   || total
-------------------------++-------
Melee: Dagger            ||    88
  Use: Potion            ||     1
 Stab: Sleeping          ||     5
Armor: Robe              ||     2
       Leather armour    ||    27
Dodge: Dodged            ||    63
